 Dungeon Crawl Stone Soup version 0.30-a0-760-g5a9884bb7c (webtiles) character file.

Game seed: 6355508871520419267

107 mistaj the Trooper (level 4, -3/25 HPs)
             Began as a Vine Stalker Monk on Feb 10, 2023.
             Killed from afar by Ijyb (7 damage)
             ... with a bolt of acid
             ... on level 3 of the Dungeon.
             The game lasted 00:05:26 (2233 turns).

mistaj the Trooper (Vine Stalker Monk)              Turns: 2233, Time: 00:05:27

Health: -3/25      AC:  2    Str: 16    XL:     4   Next: 86%
Magic:  0/5        EV:  5    Int: 10    God:
Gold:   160        SH:  8    Dex: 16    Spells: 3/3 levels left

rFire   . . .      SeeInvis .    j - +1 mace (heavy)
rCold   . . .      Faith    .    a - +0 kite shield
rNeg    . . .      Spirit   +    n - +0 chain mail
rPois   .          Reflect  .    (no helmet)
rElec   .          Harm     .    (no cloak)
rCorr   .          Rampage  .    (no gloves)
Will    .....                    k - +1 pair of boots Stlth
                                 (no amulet)
HPRegen 1.04/turn                (no ring)
MPRegen 0.09/turn                (no ring)

@: corroded
A: fangs 2, regeneration 1, magic shield, antimagic bite, no potion heal 2
a: no special abilities


You were on level 3 of the Dungeon.
You visited 1 branch of the dungeon, and saw 3 of its levels.

You collected 160 gold pieces.

Inventory:

Hand Weapons
 j - a +1 heavy mace (weapon)
 p - a +0 falchion
Armour
 a - a +0 kite shield (worn)
 k - a +1 pair of boots (worn)
 n - a +0 chain mail (worn)
Wands
 o - a wand of digging (6)
Scrolls
 d - a scroll of identify
 e - a scroll of blinking
 g - 2 scrolls of vulnerability {unknown}
 h - a scroll of magic mapping {unknown}
 l - a scroll of immolation
 m - a scroll of teleportation
Potions
 b - a potion of might
 c - a potion of ambrosia
 f - 2 potions of magic
 i - 4 potions of curing
 q - a potion of heal wounds {unknown}


   Skills:
 + Level 3.8 Fighting
 + Level 0.7 Long Blades
 - Level 3.0 Axes
 - Level 2.4 Dodging
 - Level 2.4 Stealth
 + Level 2.1 Shields


You had 3 spell levels left.
You didn't know any spells.
Your spell library was empty.

Dungeon Overview and Level Annotations

Branches:
Dungeon (3/15)

Altars:

Shops:
D:1 [*((:

Annotations:
D:3 Ijyb


Innate Abilities, Weirdness & Mutations

You have extremely sharp teeth.
Your natural rate of healing is unusually fast.
When hurt, damage is shared between your health and your magic reserves.
Your bite disrupts and absorbs the magic of your enemies.
Potions cannot restore your health.


Message History

No target in view!
No target in view!
No target in view!
Magic restored.
Ijyb the Twisted Goblin comes into view.
She is wielding a +0 dagger and carrying a wand of acid (14).
Ijyb shouts!
Ijyb moves out of view.
You start waiting.
Ijyb is nearby!
You sock Ijyb!
Ijyb is moderately wounded.
Ijyb hits you with a +0 dagger. x2
You sock Ijyb! You bite Ijyb, but do no damage.
Ijyb is heavily wounded.
A kobold comes into view. It is wielding a +0 rapier.
Ijyb hits you but does no damage. Ijyb hits you with a +0 dagger.
The kobold moves out of view.
You hit Ijyb but do no damage. You bite Ijyb. You drain her power.
You feel invigorated.
Ijyb is severely wounded.
Ijyb zaps a wand.
The bolt of acid misses you.
A quokka comes into view.
Ijyb zaps a wand.
The bolt of acid hits you. The acid corrodes you!
The quokka moves out of view.
You hit Ijyb but do no damage.
Ijyb is severely wounded.
You block Ijyb's attack.
Ijyb zaps a wand.
The bolt of acid hits you! Ijyb barely misses you.
You miss Ijyb.
Ijyb is severely wounded.
Ijyb screams, "You nasty!
Big nasty!"
Ijyb hits you with a +0 dagger. x2
You closely miss Ijyb. You bite Ijyb. You drain her power.
You feel invigorated.
Ijyb is severely wounded.
Ijyb zaps a wand.
The bolt of acid hits you!
Ouch! That really hurt!
* * * LOW HITPOINT WARNING * * *
The acid corrodes you!
Ijyb zaps a wand.
The bolt of acid hits you!
You die...

# ######### #####........
#............
#.###.####### #[# #.#
########## #.# #.#
.........# #.###.#
########@####.#...#######
##.....g................
#............#.#########
...####)######.# # .. #.#
#.# # #.# #.# # ..# #.# #
### ##.## #
####...########


You could see Ijyb.

Vanquished Creatures
  Terence (D:2)
  An adder (D:3)
  A dart slug (D:2)
  10 ball pythons
  10 bats
  4 endoplasms
  6 giant cockroaches
  7 goblins
  8 hobgoblins
  3 jackals (D:3)
  A quokka (D:1)
  A frilled lizard (D:1)
  7 kobolds
  5 rats
65 creatures vanquished.

Notes
Turn   | Place    | Note
-------+----------+-------------------------------------------
     0 | D:1      | mistaj the Vine Stalker Monk began the quest for the Orb.
     0 | D:1      | Reached XP level 1. HP: 11/11 MP: 2/2
   104 | D:1      | Found Ilaeskee's Antique Armour Emporium.
   123 | D:1      | Found Olanav's General Store.
   127 | D:1      | Reached XP level 2. HP: 14/16 MP: 1/3
   202 | D:1      | Found Voska's Weapon Shop.
   273 | D:1      | Found Foesisiz's Antique Weapon Shoppe.
   537 | D:1      | Found a faded altar of an unknown god.
   598 | D:1      | Found Qiuth's Book Emporium.
   600 | D:1      | Reached XP level 3. HP: 20/20 MP: 4/4
   667 | D:1      | Reached skill level 1 in Shields
  1152 | D:2      | Noticed Terence
  1162 | D:2      | Killed Terence
  1163 | D:2      | Gained mutation: Your natural rate of healing is unusually
                  | fast. [Vine Stalker growth]
  1163 | D:2      | Reached XP level 4. HP: 24/25 MP: 5/5
  2220 | D:3      | Noticed Ijyb
  2233 | D:3      | Killed from afar by Ijyb

Illustrated notes

Levels and vault maps discovered:
D:1:      shiori_arrival_oz, layout_loops_cross, serial_shops, shop_statue,
          nicolae_diamond_shop, nicolae_square_shop, shop, shop,
          shapermc_ecumenical_altar_flowoftime
D:2:      layout_rooms, nrook_uturn, minmay_three_crescents, uniq_terence
D:3:      layout_loops_ring, uniq_ijyb

Skill      XL: |  1  2  3  4 |
---------------+-------------+-----
Fighting       | 3 |  3.8
Axes           | 3 |  3.0
Shields        | 1 2 |  2.1
Long Blades    | |  0.7
Dodging        | |  2.4
Stealth        | |  2.4

Action                     |  1- 3 |  4- 6 || total
---------------------------+-------+-------++-------
  Melee: Hand axe          |    24 |       ||    24
         Bite              |     8 |    13 ||    21
         Mace              |    61 |    52 ||   113
    Use: Scroll            |       |     8 ||     8
   Stab: Sleeping          |     4 |       ||     4
 Armour: Robe              |    33 |       ||    33
         Chain mail        |    16 |    35 ||    51
  Dodge: Dodged            |    85 |    18 ||   103
  Block: Kite shield       |    67 |    29 ||    96

Table legend: (Time is in decaauts)
 A = Elapsed time spent in this place.
 B = Non-inter-level travel time spent in this place.
 C = Inter-level travel time spent in this place.
 D = Time resting spent in this place.
 E = Time spent auto-exploring this place.
 F = Levels seen in this place.
 G = Mean time per level.
                   A        B        C        D        E       F      G
               +--------+--------+--------+--------+--------+-----+--------+
         Total |   2361 |   2332 |     29 |    364 |   1273 |   3 |  787.0 |
       Dungeon |   2361 |   2332 |     29 |    364 |   1273 |   3 |  787.0 |
               +--------+--------+--------+--------+--------+-----+--------+

Top non-repeatable levels by time:
     D:1: 1079 daAuts
     D:2: 751 daAuts
     D:3: 531 daAuts
